 Dungeon Crawl Stone Soup version 0.31.0-11-ge490571c62 (webtiles) character file.

Game seed: 13599896815276482857

269 javelincjr the Changeling (level 6, 0/46 HPs)
             Began as a Demonspawn Shapeshifter on Jan 30, 2024.
             Incinerated by a bombardier beetle (4 damage)
             ... with a burning spray
             ... on level 3 of the Dungeon.
             The game lasted 00:08:49 (1852 turns).

javelincjr the Changeling (Demonspawn Shapeshifter) Turns: 1852, Time: 00:08:49

Health: 0/46       AC:  2    Str: 17    XL:     6   Next: 1%
Magic:  6/6        EV: 12    Int: 12    God:
Gold:   99         SH:  0    Dex: 12    Spells: 5/5 levels left

rFire   . .          .
                       - Unarmed
rCold   . . .        (no shield)
rNeg    . . .        a - +0 animal skin
rPois   .            (helmet currently unavailable)
rElec   .            (cloak currently unavailable)
rCorr   .            (gloves currently unavailable)
SInv    .            (boots currently unavailable)
Will    .....        (no amulet)
Stlth   +            (no ring)
HPRegen 0.27/turn    (no ring)
MPRegen 0.10/turn

%: no passive effects
@: on fire, beast-form, glowing, invisible (but backlit and visible)
A: beast (slay +2), antennae 1, foul stench 1, big brain 1
a: Begin Untransformation


You were on level 3 of the Dungeon.
You were a hulking beast.
You visited 1 branch of the dungeon, and saw 3 of its levels.

You collected 99 gold pieces.

Inventory:

Missiles
 t - 11 stones (quivered)
Armour
 a - a +0 animal skin (worn)
 h - a +0 helmet
 l - a +0 ring mail
Talismans
 c - a beast talisman
 d - a flux talisman
Scrolls
 e - a scroll of identify {unknown}
 g - 5 scrolls of teleportation {unknown}
 j - a scroll of fog {unknown}
 n - a scroll of revelation {unknown}
 o - 2 scrolls of amnesia {unknown}
 q - a scroll of poison {unknown}
 s - 3 scrolls of vulnerability {unknown}
Potions
 b - 2 potions of lignification
 i - a potion of heal wounds {unknown}
 k - a potion of enlightenment {unknown}
 m - 2 potions of might {unknown}
 p - a potion of mutation {unknown}
 r - a potion of haste {unknown}


   Skills:
 + Level 2.6 Fighting
 + Level 3.0 Dodging
 + Level 3.6 Unarmed Combat
 * Level 4.2 Shapeshifting


You had 5 spell levels left.
You didn't know any spells.
Your spell library contained the following spells:

 Spells                   Type           Power      Damage    Failure   Level
 Kiss of Death            Conj/Necr      0%         2d5       32%         1
 Confusing Touch          Hex            0%         N/A       69%         3
 Dispel Undead            Necr           0%         3d6       97%         4


Dungeon Overview and Level Annotations

Branches:
Dungeon (3/15)

Altars:


Innate Abilities, Weirdness & Mutations

You are a hulking beast.
Your limbs bulge with bestial killing power. (Slay +2)
You have a pair of small antennae on your head.
You may rarely emit foul miasma when damaged in melee.
You have an unusually large brain. (Int +2)


Message History

An orc comes into view. It is wielding a +0 hand axe.
The orc shouts!
A bombardier beetle comes into view.
Found a fuming puce potion.
The orc hits you with a +0 hand axe.
You punch the orc!
You kill the orc!
You see here a +0 hand axe.
You punch the bombardier beetle!
The bombardier beetle is heavily wounded.
The bombardier beetle bites you.
You hit the bombardier beetle.
The bombardier beetle is severely wounded.
You hit the bombardier beetle but do no damage.
The bombardier beetle is severely wounded.
The bombardier beetle sprays incendiary fluid at you.
The burning spray hits you.
You are covered in liquid fire!
You punch the bombardier beetle!
You kill the bombardier beetle!
The liquid fire burns you!
Your Dodging skill increases to level 3!
You have reached level 6!
Your demonic ancestry asserts itself...
A pair of antennae grows on your head! The liquid fire burns you!
The liquid fire burns you! The liquid fire burns you!
The liquid fire burns you! The liquid fire burns you!
The liquid fire burns you!
* * * LOW HITPOINT WARNING * * *
The liquid fire burns you!
* * * LOW HITPOINT WARNING * * *
You shake off some of the fire as you move.
The liquid fire burns you!
* * * LOW HITPOINT WARNING * * *
It was a potion of invisibility.
You become transparent, but the glow from your liquid flames prevents you from becoming completely invisible.
The liquid fire burns you!
You die...

♣ ...............
....P♣♣♣P...#............
.!...PP♣....#.#...##.####
....P.P.....#.#...##.# #.
....^P........##)###.....
..............÷..###..#.#
...............<........
.......†...............#
###.##)h...#..........#
...........##..........#
###.......###....##..###
#.#...#..##...###...# #
......###......# #.#.###
.....## ####....# #......
.....####.......###......
#.#......##......<..#.#.
...................##...


There were no monsters in sight!

Vanquished Creatures
  Sigmund (D:3)
  A bombardier beetle (D:3)
  4 adders (D:2)
  2 dart slugs
  2 orcs (D:3)
  3 bats
  4 endoplasms
  2 giant cockroaches (D:1)
  4 goblins
  3 hobgoblins
  5 kobolds
  5 ball pythons
  5 rats
41 creatures vanquished.

Notes
Turn   | Place    | Note
-------+----------+-------------------------------------------
     0 | D:1      | javelincjr the Demonspawn Shapeshifter began the quest for
                  | the Orb.
     0 | D:1      | Reached XP level 1. HP: 15/15 MP: 1/1
   103 | D:1      | Gained mutation: You may rarely emit foul miasma when
                  | damaged in melee. [demonic ancestry]
   103 | D:1      | Reached XP level 2. HP: 18/21 MP: 2/2
   256 | D:1      | Reached skill level 3 in Shapeshifting
   549 | D:2      | Gained mutation: You have an unusually large brain. (Int
                  | +2) [demonic ancestry]
   549 | D:2      | Reached XP level 3. HP: 19/26 MP: 3/3
  1177 | D:2      | Reached XP level 4. HP: 31/33 MP: 4/4
  1498 | D:3      | Noticed Sigmund
  1761 | D:3      | Killed Sigmund
  1762 | D:3      | Reached skill level 4 in Shapeshifting
  1762 | D:3      | Reached XP level 5. HP: 33/39 MP: 5/5
  1844 | D:3      | Gained mutation: You have a pair of small antennae on your
                  | head. [demonic ancestry]
  1844 | D:3      | Reached XP level 6. HP: 34/46 MP: 6/6
  1852 | D:3      | Incinerated by a bombardier beetle

Illustrated notes

Levels and vault maps discovered:
D:1:      mrwooster_arrival_statue, layout_rooms
D:2:      layout_loops_ring
D:3:      layout_rooms, serial_forest, infiniplex_forest_pool,
          infiniplex_forest_corner_1, infiniplex_forest_clump_large,
          infiniplex_forest_lined_corner, infiniplex_forest_clump_cross,
          infiniplex_forest_lined_3, infiniplex_forest_straight_4,
          infiniplex_forest_clump_long, infiniplex_forest_lined_3, uniq_sigmund

Skill      XL: |  1  2  3  4  5 |
---------------+----------------+-----
Dodging        | 2 3 |  3.0
Shapeshifting  | 3 4 |  4.2
Unarmed Combat | 3 |  3.6
Fighting       | 2 |  2.6

Action                     |  1- 3 |  4- 6 || total
---------------------------+-------+-------++-------
  Melee: Unarmed           |   113 |    31 ||   144
         Punch             |     2 |     2 ||     4
    Use: Potion            |       |     1 ||     1
   Stab: Sleeping          |     1 |     1 ||     2
 Armour: Animal skin       |    53 |    11 ||    64
  Dodge: Dodged            |    55 |     7 ||    62
